 Dungeon Crawl Stone Soup version 0.29-a0-483-g69413ace17 (webtiles) character file.

Game seed: 14523981975960191061

2 fingers the Skirmisher (level 1, 0/14 HPs)
             Began as a Gargoyle Monk on May 25, 2022.
             Frozen to death by an endoplasm (5 damage)
             ... on level 1 of the Dungeon.
             The game lasted 00:00:34 (79 turns).

fingers the Skirmisher (Gargoyle Monk)                Turns: 79, Time: 00:00:35

Health: 0/14       AC:  4    Str: 14    XL:     1   Next: 40%
Magic:  1/1        EV: 12    Int: 10    God:
Gold:   0          SH:  0    Dex: 12    Spells: 0/0 levels left

rFire   . . .      SeeInvis .   a - +0 mace
rCold   . . .      Faith    .   (no shield)
rNeg    + . .      Spirit   .   b - +0 robe
rPois   ∞          Reflect  .   (no helmet)
rElec   +          Harm     .   (no cloak)
rCorr   .          Rampage  .   (no gloves)
Will    .....                   (no boots)
Stlth   ++........              (no amulet)
HPRegen 0.04/turn               (no ring)
MPRegen 0.07/turn               (no ring)

@: no status effects
A: sickness immunity, AC +2, negative energy resistance 1, electricity
resistance, torment resistance 1, petrification resistance
a: no special abilities


You were on level 1 of the Dungeon.
You visited 1 branch of the dungeon, and saw 1 of its levels.

Inventory:

Hand Weapons
 a - a +0 mace (weapon)
Armour
 b - a +0 robe (worn)
Scrolls
 e - a scroll of identify {unknown}
Potions
 d - a potion of heal wounds {unknown}


   Skills:
 + Level 3.3 Fighting
 + Level 3.0 Maces & Flails
 + Level 2.4 Dodging
 + Level 2.2 Stealth


You couldn't memorise any spells.
You didn't know any spells.
Your spell library was empty.

Dungeon Overview and Level Annotations

Branches:
Dungeon (1/15)

Altars:


Innate Abilities, Weirdness & Mutations

You are immune to sickness and miasma.
Your stone body is resilient. (AC +2)
You are immune to poison.
You resist negative energy. (rN+)
You are resistant to electric shocks. (rElec)
You are resistant to unholy torment.
You are immune to petrification.


Message History

You are confused.
You feel invigorated. The endoplasm misses you.
The kobold hits you but does no damage.
The kobold hits you with a +0 short sword.
You hit the kobold.
The kobold is heavily wounded.
The endoplasm barely misses you. The kobold closely misses you.
The kobold hits you but does no damage.
You're too confused to move!
The kobold hits you with a +0 short sword.
The endoplasm freezes you.
You are frozen.
The kobold barely misses you. The kobold attacks as you move away!
The kobold hits you but does no damage.
You feel less invigorated.
You feel less confused. The kobold misses you.
You closely miss the kobold.
The kobold is heavily wounded.
The kobold closely misses you. The kobold hits you but does no damage.
You barely miss the kobold.
The kobold is heavily wounded.
The kobold closely misses you. The kobold barely misses you.
The endoplasm hits you.
You barely miss the kobold.
The kobold is heavily wounded.
The kobold barely misses you. The kobold hits you with a +0 dagger.
The endoplasm hits you but does no damage.
The kobold hits you with a +0 short sword.
The endoplasm hits you but does no damage.
The kobold closely misses you.
You closely miss the kobold.
The kobold is heavily wounded.
The kobold barely misses you. The endoplasm barely misses you.
The kobold hits you but does no damage.
You barely miss the kobold.
The kobold is heavily wounded.
The kobold hits you but does no damage. The endoplasm freezes you.
You are frozen.
You die...

#..##..##...#.##. .#.#
........#...#....###.#.#####
............ ...$...#......
........... #≈≈≈≈≈≈≈≈≈≈≈≈
........#.######≈####≈≈≈≈≈##
..>.....#......#≈#<.#######.
...............#≈#..'.....+.
........†.K....#≈##'###'###+
........#.K@...#≈≈#.#.....#.
#..##..##.J....#≈≈#.#..#..#.
# #... #.......≈≈#(#..#..#.
#... #.........'.'.8#8.+.
#... #......#≈≈#.#..#..#.
#... #†.....#≈≈#.#..#..#.
.... #......#≈≈#.#.....#.
########≈##'###'###+
#≈#..'.....+.


You could see an endoplasm and 2 kobolds.

Vanquished Creatures
  A hobgoblin (D:1)
  A bat (D:1)
  A rat (D:1)
3 creatures vanquished.

Notes
Turn   | Place    | Note
-------+----------+-------------------------------------------
     0 | D:1      | fingers the Gargoyle Monk began the quest for the Orb.
     0 | D:1      | Reached XP level 1. HP: 14/14 MP: 1/1
    79 | D:1      | Frozen to death by an endoplasm

Illustrated notes

Levels and vault maps discovered:
D:1:      heliophobic_arrival_glass_houses, layout_basic,
          hellmonk_ecumenical_altar_heavens_door, st_stairs_5, minmay_3d_cube

Action                   || total
-------------------------++-------
Melee: Mace              ||    11
  Use: Potion            ||     1
Armor: Robe              ||    11
Dodge: Dodged            ||    20

Table legend: (Time is in decaauts)
 A = Elapsed time spent in this place.
 B = Non-inter-level travel time spent in this place.
 C = Inter-level travel time spent in this place.
 D = Time resting spent in this place.
 E = Time spent auto-exploring this place.
 F = Levels seen in this place.
 G = Mean time per level.
                   A        B        C        D        E       F      G
               +--------+--------+--------+--------+--------+-----+--------+
         Total |     81 |     81 |      0 |      0 |      0 |   1 |   81.0 |
       Dungeon |     81 |     81 |      0 |      0 |      0 |   1 |   81.0 |
               +--------+--------+--------+--------+--------+-----+--------+

Top non-repeatable levels by time:
     D:1: 81 daAuts
